 Dungeon Crawl Stone Soup version 0.24.0-123-gd5b16e6ec5 (webtiles) character file.

Game seed: 1772540381108803455, levelgen mode: deterministic

99 vurker the Gusty (level 4, 0/25 HPs)
             Began as a Tengu Air Elementalist on Feb 2, 2020.
             Slain by a wight
             ... wielding a +2 dagger
              (7 damage)
             ... on level 2 of the Dungeon.
             The game lasted 00:02:02 (1515 turns).

vurker the Gusty (Tengu Air Elementalist)           Turns: 1515, Time: 00:02:02

Health: 0/25       AC:  2    Str:  9    XL:     4   Next: 72%
Magic:  0/9        EV: 12    Int: 16    God:
Gold:   44         SH:  0    Dex: 14    Spells: 7/8 levels left

rFire    . . .     SeeInvis .   (no weapon)
rCold    . . .     Gourm    .   (no shield)
rNeg     . . .     Faith    .   a - +0 robe
rPois    .         Spirit   .   (helmet restricted)
rElec    .         Reflect  .   (no cloak)
rCorr    .         Harm     .   (no gloves)
MR       .....                  (boots unavailable)
Stlth    ++........             (no amulet)
HPRegen  0.08/turn              (no ring)
MPRegen  0.11/turn              (no ring)

@: very slightly contaminated, lightly drained
A: beak, talons 3
a: no special abilities


You were on level 2 of the Dungeon.
You were hungry.

You visited 1 branch of the dungeon, and saw 2 of its levels.

You collected 44 gold pieces.

Inventory:

Armour
 a - a +0 robe (worn)
Scrolls
 b - 7 scrolls of identify {unknown}
 d - 5 scrolls of remove curse
 i - 3 scrolls of random uselessness {unknown}
Potions
 f - a potion of brilliance {unknown}
 g - a potion of degeneration {unknown}
 h - 2 potions of lignification {unknown}
 j - a potion of curing {unknown}
 k - a potion of resistance {unknown}
Comestibles
 c - 3 chunks of flesh
 e - 2 rations


   Skills:
 + Level 1.1(0.6) Fighting
 - Level 2.1(1.7) Dodging
 - Level 2.0(1.5) Stealth
 * Level 2.8(2.3) Spellcasting
 * Level 3.3(2.8) Conjurations
 * Level 5.0(4.5) Air Magic


You had 7 spell levels left.
You knew the following spells:

 Your Spells              Type           Power        Failure   Level  Hunger
a - Shock                 Conj/Air       ##..         4%          1    #......

Your spell library contained the following spells:

 Spells                   Type           Power        Failure   Level  Hunger
 Swiftness                Chrm/Air       #.......     12%         2    ###....
 Static Discharge         Conj/Air       ##......     13%         3    ###....
 Airstrike                Air            ###.......   30%         4    #####..
 Lightning Bolt           Conj/Air       ##........   77%         5    ######.


Dungeon Overview and Level Annotations

Branches:
Dungeon (2/15)

Altars:


Innate Abilities, Weirdness & Mutations

You have a beak for a mouth.
You have claws for feet.


Message History

Found 22 arrows.
You see here 22 arrows.
A kobold comes into view.
A kobold is nearby!
The zap hits the kobold.
You kill the kobold!
Your Air Magic skill increases to level 5!
The wight is too close now for your liking.
Aim: a wight, wielding a +2 dagger and wearing a +0 robe (hasn't noticed you)
The zap misses the wight.
Aim: a wight, wielding a +2 dagger and wearing a +0 robe The zap hits the wight.
The zap hits the wight but does no damage.
An adder comes into view.
Aim: a wight, wielding a +2 dagger and wearing a +0 robe (lightly damaged)
You miscast Shock.
You are very lightly contaminated with residual magic.
Nothing appears to happen.
Aim: a wight, wielding a +2 dagger and wearing a +0 robe (lightly damaged)
The zap misses the wight.
The zap misses the adder.
Aim: a wight, wielding a +2 dagger and wearing a +0 robe (lightly damaged)
The zap hits the wight.
The zap hits the adder.
Aim: a wight, wielding a +2 dagger and wearing a +0 robe (moderately damaged)
The zap hits the wight.
The zap misses the adder.
You are feeling hungry.
The wight hits you with a +2 dagger.
Aim: a wight, wielding a +2 dagger and wearing a +0 robe (moderately damaged)
The zap hits the wight.
The zap misses the adder.
The wight hits you with a +2 dagger.
Aim: a wight, wielding a +2 dagger and wearing a +0 robe (severely damaged)
The zap hits the wight.
The zap hits the adder.
The zap hits the wight but does no damage.
The wight barely misses you.
Aim: a wight, wielding a +2 dagger and wearing a +0 robe (almost destroyed)
The zap hits the wight.
The zap misses the adder.
The zap misses the wight.
The wight hits you with a +2 dagger.
You feel drained.
You don't have enough magic to cast that spell.
You see here 22 arrows.
The zap misses the wight.
The zap hits the adder. x2
You kill the adder!
The zap hits the wight but does no damage.
The wight hits you with a +2 dagger.
* * * LOW HITPOINT WARNING * * *
You feel drained.
* * * LOW HITPOINT WARNING * * *
A wight comes into view.
It is wielding a +3 halberd of freezing.
As you read the scroll labeled GUF ABITUYNUID, it crumbles to dust.
You feel blessed for a moment.
It was a scroll of remove curse.
The wight hits you with a +2 dagger!
You die...

#....###
#######.....#
#....# #.###.#
#.#### #.# #.
#.# ######.#
##.# .......#
####..###
##..####
#.z.[...# ....#
#######.##.##.#
..#.#
#...zz@.##.##.#
..# #
#.########.##.#
..# #.# #.##.#
..# #(# #.##.#
..# #z# #.##..
#.# .....# #.#
..# #.#
..........z....


You could see 3 wights.

Vanquished Creatures
  A wight (D:2)
  2 adders (D:2)
  2 oozes (D:1)
  A dart slug (D:2)
  A leopard gecko (D:2)
  A ball python (D:2)
  3 bats
  3 goblins (D:1)
  2 hobgoblins (D:1)
  A quokka (D:2)
  5 kobolds
  11 rats
33 creatures vanquished.

Notes
Turn   | Place    | Note
-------+----------+-------------------------------------------
     0 | D:1      | vurker the Tengu Air Elementalist began the quest for the
                  | Orb.
     0 | D:1      | Reached XP level 1. HP: 10/10 MP: 4/4
    61 | D:1      | Reached XP level 2. HP: 16/16 MP: 3/6
   536 | D:1      | Reached XP level 3. HP: 20/20 MP: 0/7
  1000 | D:2      | Reached skill level 1 in Fighting
  1000 | D:2      | Reached XP level 4. HP: 25/25 MP: 2/9
  1491 | D:2      | Reached skill level 5 in Air Magic
  1515 | D:2      | Slain by a wight

Levels and vault maps discovered:
D:1:      onia_arrival_handbag, layout_loops_cross
D:2:      layout_loops_ring, marbit_many_paths, yredelemnul_altar_generic,
          lemuel_coloured_pillars_altar

Skill      XL: |  1  2  3  4 |
---------------+-------------+-----
Conjurations   | 2 3 |  3.3
Fighting       | 1 |  1.1
Air Magic      | 5 |  5.0
Dodging        | |  2.1
Stealth        | |  2.0
Spellcasting   | |  2.8

Action                   |  1- 3 |  4- 6 || total
-------------------------+-------+-------++-------
Melee: Unarmed           |     3 |       ||     3
       Peck              |     1 |       ||     1
 Cast: Shock             |    42 |    34 ||    76
  Use: Scroll            |       |     1 ||     1
  Eat: Chunk             |     1 |     1 ||     2
Armor: Robe              |       |     1 ||     1
Dodge: Dodged            |     4 |     2 ||     6
